Map: Port Aleksander LE

Players

TaeKwonDrone

  • Race: Terran Terran
  • League: Platinum
  • Spawn Location: 5:00

Odin - Winner!

  • Race: Protoss Protoss
  • League: Gold
  • Spawn Location: 11:00

VOD

Have the link to the VOD?

Description

Time

  • Played on: Dec. 16, 2018, 9:29 a.m.
  • Length: 9:33
Show
View Real Time Build Order
Export as new Build Order

TaeKwonDrone Terran 

Build Orders:  

Get SALT Encoding   

  12  0:02  SCV  
  13  0:14  SCV  
  14  0:24  Supply Depot  
  14  0:31  Refinery, SCV  
  15  0:46  SCV  
  15  0:47  Barracks  
  16  1:04  Supply Depot  
  16  1:05  SCV  
  17  1:17  SCV  
  18  1:38  Bunker  
  18  1:39  Marine  
  19  1:43  Factory  
  19  1:55  Orbital Command  
  19  2:10  Barracks Tech Lab  
  19  2:23  SCV  
  19  2:29  Factory Tech Lab  
  20  2:30  Concussive Shells, Marauder  
  20  2:35  Supply Depot  
  20  2:36  SCV  
  23  2:48  SCV  
  24  2:58  Mag-Field Accelerator  
  24  3:03  Refinery  
  24  3:09  Marauder  
  24  3:10  Command Center  
  24  3:11  SCV  
  27  3:23  SCV  
  28  3:37  Cyclone  
  31  3:41  Marauder  
  31  3:43  SCV  
  31  3:46  Supply Depot  
  34  3:53  Barracks  
  34  3:55  SCV  
  35  4:02  Engineering Bay  
  35  4:07  SCV  
  36  4:13  Cyclone  
  39  4:39  SCV  
  40  4:46  Cyclone  
  40  4:47  Barracks Tech Lab  
  40  4:49  Starport  
  40  4:51  SCV  
  44  4:57  Missile Turret  
  44  5:02  Orbital Command  
  44  5:09  Marauder  
  48  5:14  Marauder  
  48  5:18  SCV  
  49  5:25  Refinery, Starport Reactor  
  49  5:30  SCV  
  49  5:33  Factory  
  49  5:34  SCV  
  43  5:49  Missile Turret  
  24  6:04  Medivac  
  22  6:27  Orbital Command  
  21  6:40  SCV  
  22  7:24  SCV  
  16  8:08  SCV  
  17  8:19  Orbital Command  
  17  8:20  Supply Depot  
  16  9:04  SCV x2  
  18  9:16  SCV  
  15  9:20  SCV  
Show
View Real Time Build Order
Export as new Build Order

Odin Protoss - Winner!

Build Orders: Dark Templar Rush 

Get SALT Encoding   

  12  0:02  Probe  
  13  0:18  Pylon  
  13  0:20  Probe  
  13  0:28  Probe  
  15  0:41  Forge  
  15  0:47  Probe  
  16  1:02  Assimilator  
  16  1:21  Pylon  
  16  1:23  Pylon  
  16  1:24  Pylon  
  16  1:36  Gateway, Pylon  
  15  1:48  Probe  
  15  1:54  Assimilator  
  16  1:56  Probe  
  16  1:59  Assimilator  
  17  2:04  Probe, Photon Cannon  
  18  2:12  Probe  
  18  2:17  Pylon  
  19  2:23  Cybernetics Core  
  19  2:27  Gateway  
  19  2:36  Probe  
  20  2:48  Probe  
  21  2:56  Pylon  
  21  2:58  Probe  
  21  3:02  Twilight Council  
  21  3:03  Warp Gate  
  22  3:06  Probe  
  23  3:15  Adept  
  23  3:17  Adept  
  27  3:41  Dark Shrine  
  27  3:42  Probe  
  28  3:56  Gateway  
  28  3:58  Gateway  
  28  3:59  Probe  
  29  4:07  Stalker  
  31  4:14  Stalker  
  29  5:08  Dark Templar x3  
  35  5:31  Nexus  
  29  6:40  Stalker x4  
  37  6:55  Nexus  
  37  7:03  Dark Templar  
  37  7:07  Assimilator  
  39  7:09  Pylon  
  39  7:12  Pylon  
  29  7:46  Dark Templar x3  
  29  7:47  Dark Templar  
  37  7:51  Gateway  
  37  7:56  Gateway  
  37  8:01  Gateway, Pylon  
  37  8:07  Gateway  
  37  8:11  Probe x2  
  39  8:23  Probe x2  
  39  8:35  Probe x2  
  41  8:46  Stargate  
  41  8:47  Probe x2  
  43  8:48  Stargate  
  43  8:54  Robotics Facility  
  43  8:55  Pylon  
  43  8:59  Probe x2  
  45  9:11  Probe x2  
Tags
 
Add a new tag
Caveats
  • Supply blocks, unpowered buildings, or Contaminate may cause inaccurate times.
  • Supply counts are checked every 10 seconds.